 Dungeon Crawl Stone Soup version 0.28-a0-828-g0121872642 (webtiles) character file.

Game seed: 10717354206174836983

3 croobank the Caller (level 1, 0/7 HPs)
             Began as a Felid Summoner on Nov 10, 2021.
             Slain by a hobgoblin (4 damage)
             ... on level 1 of the Dungeon.
             The game lasted 00:01:56 (129 turns).

croobank the Caller (Felid Summoner)                 Turns: 129, Time: 00:01:57

Health: 0/7        AC:  1    Str:  4    XL:     1   Next: 41%
Magic:  4/4        EV: 17    Int: 16    God:
Gold:   12         SH:  0    Dex: 16    Spells: 3/4 levels left
                                        Lives:  0   Deaths: 0

rFire   . . .      SeeInvis +   (weapon unavailable)
rCold   . . .      Faith    .   (shield unavailable)
rNeg    . . .      Spirit   .   (armour unavailable)
rPois   .          Reflect  .   (helmet unavailable)
rElec   .          Harm     .   (cloak unavailable)
rCorr   .          Rampage  .   (gloves unavailable)
Will    .....                   (boots unavailable)
Stlth   ++........              (no amulet)
HPRegen 0.02/turn               (no ring)
MPRegen 0.09/turn               (no ring)

@: quick
A: very small, claws 1, fangs 3, see invisible, speed 1, shaggy fur 1, stealthy
paws, no weapons or thrown items, no armour, multi-lived
a: no special abilities


You were on level 1 of the Dungeon.
You visited 1 branch of the dungeon, and saw 1 of its levels.

You collected 12 gold pieces.

You aren't carrying anything.


   Skills:
 + Level 2.8 Dodging
 + Level 2.8 Stealth
 + Level 2.0 Spellcasting
 + Level 4.1 Summonings


You had 3 spell levels left.
You knew the following spells:

 Your Spells              Type           Power      Damage    Failure   Level
a - Summon Small Mammal   Summ           56%        N/A       3%          1

Your spell library contained the following spells:

 Spells                   Type           Power      Damage    Failure   Level
 Call Imp                 Summ           14%        N/A       6%          2
 Call Canine Familiar     Summ           14%        N/A       12%         3
 Summon Guardian Golem    Hex/Summ       8%         N/A       26%         3
 Summon Lightning Spire   Summ/Air       8%         N/A       65%         4


Dungeon Overview and Level Annotations

Branches:
Dungeon (1/15)

Altars:


Innate Abilities, Weirdness & Mutations

You have sharp claws.
You have razor-sharp teeth.
You have supernaturally acute eyesight. (SInv)
You cover ground quickly. (Speed+)
You are covered in fur. (AC +1)
Your paws help you pounce on unaware monsters.
You are incapable of wielding weapons or throwing items.
You cannot wear armour.
You gain extra lives every three experience levels.


Message History

Your bat hits the endoplasm but does no damage.
The endoplasm freezes you.
You are frozen.
Ouch! That really hurt!
The kobold shouts!
You hear an angry hiss.
Your bat hits the endoplasm.
Your bat completely misses the endoplasm.
The kobold barely misses you. The endoplasm freezes your bat.
Your bat is frozen.
You closely miss the kobold.
Your bat hits the endoplasm but does no damage.
The kobold misses you. The endoplasm freezes your bat.
Your bat is frozen.
Your bat dies!
Your bat's corpse disappears in a puff of smoke!
The endoplasm quivers.
You barely miss the kobold. You bite the kobold.
You kill the kobold!
You barely miss the endoplasm. You bite the endoplasm.
You kill the endoplasm!
You start resting.
A ball python comes into view.
Casting: Summon Small Mammal (safe; 4% risk of failure)
Confirm with . or Enter, or press ? or * to list all spells.
The ball python hisses angrily.
Your bat hits the ball python. You barely miss the ball python.
The ball python is moderately wounded.
Your bat hits the ball python. The ball python bites your bat.
The ball python completely misses your bat.
You pounce on the helpless ball python from behind!
You scratch the ball python.
You kill the ball python!
A hobgoblin comes into view.
You closely miss the hobgoblin. Your bat misses the hobgoblin.
The hobgoblin hits you.
Ouch! That really hurt!
You die...

.#########
#...# .♣.♣
.........#
##..##### ..[..
.........#
#..#...# ..♣.♣
.....)...#
##.#.#.#......
###.######
###.#.#.#......
#....#
#...#..........
####.#
♣.♣..##.##.#..
# ♣.♣..##.# .
♣♣.@g.# PP
♣#.### .P #.b#
..P #).# #..#
#... ##..# #.#
.#


You could see a hobgoblin (ally target) and a friendly bat (summoned).

Vanquished Creatures
  An endoplasm (D:1)
  A ball python (D:1)
  A goblin (D:1)
  A kobold (D:1)
4 creatures vanquished.

Notes
Turn   | Place    | Note
-------+----------+-------------------------------------------
     0 | D:1      | croobank the Felid Summoner began the quest for the Orb.
     0 | D:1      | Reached XP level 1. HP: 7/7 MP: 4/4
   129 | D:1      | Slain by a hobgoblin

Illustrated notes

Levels and vault maps discovered:
D:1:      grunt_arrival_lava_bath, layout_basic,
          hellmonk_ecumenical_altar_zigzags, serial_forest,
          infiniplex_forest_end_double, infiniplex_forest_lined_3,
          infiniplex_forest_lined_corner, infiniplex_forest_join,
          infiniplex_forest_zigzag_2, infiniplex_forest_lined_1

Action                   || total
-------------------------++-------
Melee: Unarmed           ||     8
       Bite              ||     2
 Cast: Summon Small Mamm ||     3
 Stab: Distracted        ||     1
       Sleeping          ||     1
Dodge: Dodged            ||     3

Table legend: (Time is in decaauts)
 A = Elapsed time spent in this place.
 B = Non-inter-level travel time spent in this place.
 C = Inter-level travel time spent in this place.
 D = Time resting spent in this place.
 E = Time spent auto-exploring this place.
 F = Levels seen in this place.
 G = Mean time per level.
                   A        B        C        D        E       F      G
               +--------+--------+--------+--------+--------+-----+--------+
         Total |    114 |    114 |      0 |     31 |     31 |   1 |  114.0 |
       Dungeon |    114 |    114 |      0 |     31 |     31 |   1 |  114.0 |
               +--------+--------+--------+--------+--------+-----+--------+

Top non-repeatable levels by time:
     D:1: 114 daAuts
